 Dungeon Crawl Stone Soup version 0.17.0-24-gcfadda4 (webtiles) character file.

156 tp1 the Conjurer (level 5, -8/28 HPs)
             Began as a Deep Elf Conjurer on Nov 15, 2015.
             Killed from afar by an orc wizard (14 damage)
             ... with a puff of frost
             ... on level 3 of the Dungeon.
             The game lasted 00:09:48 (2976 turns).

tp1 the Conjurer (Deep Elf Conjurer)                Turns: 2976, Time: 00:09:48

Health: -8/28      AC:  3    Str:  5    XL:     5   Next: 14%
Magic:  0/11       EV: 14    Int: 21    God:
Gold:   77         SH:  0    Dex: 15    Spells: 3 memorised, 2 levels left

rFire  . . .     SeeInvis .     i - +0 short sword
rCold  . . .     Clarity  .     l - +0 leather armour
rNeg   . . .     SustAt   .     (no shield)
rPois  .         Gourm    .     (no helmet)
rElec  .         Spirit   .     (no cloak)
rCorr  .         Warding  .     (no gloves)
rMut   .         Stasis   .     (no boots)
MR     .....                    (no amulet)
Stlth  ++........               (no ring)
                                e - +2 ring of evasion

@: not resistant to hostile enchantments, unstealthy
A: no striking features
a: no special abilities


You were on level 3 of the Dungeon.
You were not hungry.

You visited 1 branch of the dungeon, and saw 3 of its levels.

You collected 77 gold pieces.

Inventory:

Hand Weapons
 i - a +0 short sword (weapon)
Armour
 a - a +0 robe
 l - a +0 leather armour (worn)
Jewellery
 e - a +2 ring of evasion (left hand)
Scrolls
 h - 3 scrolls of teleportation {unknown}
 k - 2 scrolls of noise {unknown}
 q - 2 scrolls of identify {unknown}
 s - a scroll of enchant weapon {unknown}
Potions
 d - a potion of cure mutation {unknown}
 g - a potion of agility {unknown}
 o - a potion of lignification {unknown}
 p - 2 potions of curing {unknown}
Books
 b - a book of Conjurations

   Spells                             Type                      Level
   a - Magic Dart                     Conjuration                  1
   b - Searing Ray                    Conjuration                  2
   c - Dazzling Spray                 Conjuration/Hexes            3
   d - Fulminant Prism                Conjuration/Hexes            4
   e - Iskenderun's Mystic Blast      Conjuration                  4
   f - Iskenderun's Battlesphere      Conjuration/Charms           5
Comestibles
 c - 3 bread rations
 f - a meat ration
 j - a beef jerky
 m - 5 chunks of flesh
 n - 7 fruits
 r - a slice of pizza


   Skills:
 - Level 2.4 Dodging
 - Level 2.4 Stealth
 - Level 3.0 Spellcasting
 - Level 7.0 Conjurations
 + Level 1.5 Charms


You had 2 spell levels left.
You knew the following spells:

 Your Spells              Type           Power        Failure   Level  Hunger
a - Magic Dart            Conj           ####         1%          1    None
b - Searing Ray           Conj           ####..       1%          2    ##.....
d - Iskenderun's Battles  Conj/Chrm      ###.....     90%         5    ######.


Dungeon Overview and Level Annotations

Branches:
Dungeon (3/15)

Altars:
Fedhas
Makhleb


Message History

You closely miss the orc wizard.
The orc wizard is almost dead.
The orc wizard hits you but does no damage.
You hit the orc wizard.
The orc wizard is almost dead.
The orc wizard gestures at you while chanting.
The magic dart hits you!
* * * LOW HITPOINT WARNING * * *
The orc wizard misses you.
Casting: Searing Ray
Confirm with . or Enter, or press ? or * to list all spells.
Aiming: Magic Dart
Press: ? - help, Shift-Dir - straight line, f/p - orc wizard
Aim: an orc wizard, wielding a dagger and wearing a robe (almost dead, fast)
The magic dart hits the orc wizard.
The orc wizard is almost dead.
The orc wizard points at you and mumbles some strange words.
The puff of frost hits you!
Ouch! That really hurt!
You die...

######.#####.#
#.# #.# #.#
#.# #)## ###
#.)# ##.# #.#
#.####.#
#..o@)##
#..#### ..(.
#### ######
...... ######


You could see an orc wizard.

Vanquished Creatures
  An orc wizard (D:3)
  3 adders
  A gnoll (D:1)
  4 worms (D:2)
  2 giant geckos
  8 orcs (D:3)
  13 bats
  3 giant cockroaches (D:1)
  7 goblins
  5 hobgoblins
  A quokka (D:2)
  3 giant newts
  7 jackals (D:2)
  8 kobolds
  7 rats
73 creatures vanquished.

Notes
Turn   | Place    | Note
--------------------------------------------------------------
     0 | D:1      | tp1 the Deep Elf Conjurer began the quest for the Orb.
     0 | D:1      | Reached XP level 1. HP: 10/10 MP: 6/6
    49 | D:1      | Reached skill level 5 in Conjurations
    49 | D:1      | Reached XP level 2. HP: 15/15 MP: 0/8
    53 | D:1      | Learned a level 2 spell: Searing Ray
   544 | D:1      | Reached XP level 3. HP: 19/19 MP: 6/9
  1587 | D:2      | Reached skill level 6 in Conjurations
  1604 | D:2      | Found a blossoming altar of Fedhas.
  1646 | D:2      | Found a burning altar of Makhleb.
  1648 | D:2      | Reached XP level 4. HP: 24/24 MP: 8/10
  2194 | D:2      | Found a blossoming altar of Fedhas.
  2206 | D:2      | Found a burning altar of Makhleb.
  2717 | D:3      | Found a faded altar to an unknown god.
  2833 | D:3      | Reached XP level 5. HP: 28/28 MP: 7/11
  2836 | D:3      | Reached skill level 7 in Conjurations
  2843 | D:3      | Learned a level 5 spell: Iskenderun's Battlesphere
  2936 | D:3      | Reached skill level 1 in Charms
  2976 | D:3      | Killed from afar by an orc wizard

Action                   |  1- 3 |  4- 6 || total
-------------------------+-------+-------++-------
Melee: Short sword       |     9 |     2 ||    11
 Cast: Magic Dart        |    71 |    50 ||   121
       Searing Ray       |     2 |     8 ||    10
  Eat: Chunk             |     2 |     4 ||     6
